 Dungeon Crawl Stone Soup version 0.29.1-15-g9cfb28693d (webtiles) character file.

Game seed: 6678332336343365495

4 adizb the Ruffian (level 1, -5/19 HPs)
             Began as a Ghoul Monk on Apr 18, 2023.
             Slain by a gnoll
             ... wielding a +0 whip
              (9 damage)
             ... on level 1 of the Dungeon.
             The game lasted 00:01:30 (169 turns).

adizb the Ruffian (Ghoul Monk)                       Turns: 169, Time: 00:01:30

Health: -5/19      AC:  2    Str: 14    XL:     1   Next: 60%
Magic:  0/0        EV: 12    Int:  5    God:
Gold:   7          SH:  0    Dex: 11    Spells: 0/0 levels left

rFire   . . .      SeeInvis .     - Unarmed
rCold   + . .      Faith    .   (no shield)
rNeg    + + +      Spirit   .   a - +0 robe
rPois   ∞          Reflect  .   (no helmet)
rElec   .          Harm     .   (no cloak)
rCorr   .          Rampage  .   (no gloves)
Will    .....                   (no boots)
Stlth   ++........              (no amulet)
HPRegen 0.00/turn               (no ring)
MPRegen 0.07/turn               (no ring)

@: inhibited regen
A: claws 1, cold resistance 1, negative energy resistance 3, inhibited
regeneration, torment resistance 2, devour on kill
a: no special abilities


You were on level 1 of the Dungeon.
You visited 1 branch of the dungeon, and saw 1 of its levels.

You collected 7 gold pieces.

Inventory:

Armour
 a - a +0 robe (worn)
Potions
 b - a potion of ambrosia


   Skills:
 + Level 3.3 Fighting
 - Level 2.6 Dodging
 - Level 2.1 Stealth
 * Level 3.4 Unarmed Combat
 + Level 0.1 Spellcasting
 + Level 0.2 Necromancy


You couldn't memorise any spells.
You didn't know any spells.
Your spell library contained the following spells:

 Spells                   Type           Power      Damage    Failure   Level
 Slow                     Hex            0%         N/A       47%         1
 Vampiric Draining        Necr           0%         2d6       82%         3
 Confusing Touch          Hex            0%         N/A       85%         3


Dungeon Overview and Level Annotations

Branches:
Dungeon (1/15)

Altars:


Innate Abilities, Weirdness & Mutations

You are immune to poison.
You have sharp fingernails.
Your flesh is cold resistant. (rC+)
You are immune to negative energy. (rN+++)
You do not regenerate when monsters are visible.
You are immune to unholy pain and torment.
You thrive by killing the living.


Message History

The kobold shouts!
You closely miss the hobgoblin. The hobgoblin hits you.
You scratch the hobgoblin.
You kill the hobgoblin!
You feel better.
You closely miss the kobold. The kobold closely misses you.
You scratch the kobold.
You kill the kobold!
Things that are here:
a +0 short sword; a kobold corpse; a hobgoblin corpse You now have 7 gold pieces.
Found a scroll labelled ALUGAAL RECI.
Found Plato's Teachings on the Summer.
Found a faded altar of an unknown god.
c - a scroll labelled ALUGAAL RECI
As you read the scroll labelled ALUGAAL RECI, it crumbles to dust.
You hear a loud clanging noise!
It was a scroll of noise.
You hear a shout!
You hear an angry hiss.
You hear a shout!
A gnoll comes into view. It is wielding a +0 whip.
A ball python comes into view.
You scratch the gnoll.
The gnoll is lightly wounded.
The gnoll hits you with a +0 whip!
You closely miss the gnoll.
The gnoll is lightly wounded.
You closely miss the gnoll.
The gnoll is lightly wounded.
The gnoll hits you with a +0 whip.
* * * LOW HITPOINT WARNING * * *
You claw the gnoll!
The gnoll is almost dead.
The gnoll hits you with a +0 whip.
* * * LOW HITPOINT WARNING * * *
You scratch the gnoll but do no damage.
The gnoll is almost dead.
The gnoll barely misses you.
You closely miss the gnoll.
The gnoll is almost dead.
The gnoll hits you with a +0 whip!
You die...

......##.# ##.#..##.#
###..S.....# ...........#
..g........# .#._P#P#.#.##
### #.#.#..#####
.#g#.......########
##.#@..####........#
..#...## #.######.#
###P...## #.# #.#
.........##.######.#
####..###........##.# #####
#..# ####.###.##.#
.....#####..######........#
####
#...............###.#####
..#
###'#'##>########.......#


You could see a gnoll.

Vanquished Creatures
  A hobgoblin (D:1)
  A quokka (D:1)
  A frilled lizard (D:1)
  A kobold (D:1)
4 creatures vanquished.

Notes
Turn   | Place    | Note
-------+----------+-------------------------------------------
     0 | D:1      | adizb the Ghoul Monk began the quest for the Orb.
     0 | D:1      | Reached XP level 1. HP: 19/19 MP: 0/0
   148 | D:1      | Found a faded altar of an unknown god.
   169 | D:1      | Slain by a gnoll

Illustrated notes

Levels and vault maps discovered:
D:1:      minmay_arrival_solitary_statue, layout_loops_corners,
          shapermc_ecumenical_altar_rom_forum

Action                   || total
-------------------------++-------
Melee: Unarmed           ||    20
  Use: Scroll            ||     1
Armor: Robe              ||     2
Dodge: Dodged            ||     7
